 Dungeon Crawl Stone Soup version 0.16-a0-3939-g9a3e665 (webtiles) character file.

3686 MDvedh the Frost Mage (level 9, -6/45 HPs)
             Began as a Deep Elf Ice Elementalist on Feb 6, 2015.
             Was a Follower of Vehumet.
             Mangled by a three-headed hydra (10 damage)
             ... on level 8 of the Dungeon.
             The game lasted 00:28:51 (9525 turns).

MDvedh the Frost Mage (Deep Elf Ice Elementalist)   Turns: 9525, Time: 00:28:52

Health: -6/45      AC: 17    Str:  5    XL:     9   Next: 90%
Magic:  16/38      EV: 17    Int: 26    God:    Vehumet [*.....]
Gold:   339        SH:  0    Dex: 18    Spells: 4 memorised, 16 levels left

rFire  . . .     SeeInvis .     A - +7 long sword of Mnavvalaur {pain, +Inv MR+ MP+9}
rCold  . . .     Clarity  .     a - +0 robe
rNeg   + . .     SustAb   .     (no shield)
rPois  +         Gourm    .     f - +0 helmet
rElec  .         Spirit   .     k - +1 cloak
rCorr  .         Warding  +     r - +0 pair of gloves
rMut   .         Stasis   .     y - +0 pair of boots
MR     +....                    h - amulet of warding
Stlth  ++........               z - ring of poison resistance
                                p - +3 ring of dexterity

@: icy armour, somewhat resistant to hostile enchantments, unstealthy
A: yellow scales 1, clever 1
a: Renounce Religion, Evoke Invisibility


You were on level 8 of the Dungeon.
You worshipped Vehumet.
Vehumet was aware of your devotion.
You were hungry.

You visited 2 branches of the dungeon, and saw 9 of its levels.

You collected 339 gold pieces.

Inventory:

Hand weapons
 A - the +7 long sword of Mnavvalaur (weapon) {pain, +Inv MR+ MP+9}
   (You found it on level 4 of the Dungeon)

   In the hands of one skilled in necromantic magic, it inflicts extra damage on
   living creatures.
   It affects your resistance to hostile enchantments.
   It affects your magic capacity (+9).
   It lets you turn invisible.
Armour
 a - a +0 robe (worn)
 f - a +0 helmet (worn)
 k - a +1 cloak (worn)
 r - a +0 pair of gloves (worn)
 y - a +0 pair of boots (worn)
Magical staves
 B - an uncursed staff of air
Jewellery
 h - an amulet of warding (around neck)
 p - a +3 ring of dexterity (left hand)
 u - an uncursed ring of wizardry
 z - a ring of poison resistance (right hand)
 H - a +3 ring of evasion {unknown}
Magical devices
 n - a wand of disintegration (11)
 G - a wand of fire (7)
 L - a wand of digging (0)
 M - a wand of enslavement (9)
 R - a wand of magic darts (18)
Scrolls
 d - a scroll of teleportation
 e - 2 scrolls of remove curse
 j - a scroll of enchant weapon
 q - a scroll of fog
 w - 2 scrolls of amnesia
 I - 2 scrolls of recharging
 N - 2 scrolls of fear {unknown}
 Q - 3 scrolls of identify
Potions
 g - 3 potions of might
 i - 5 potions of heal wounds
 m - a potion of resistance {unknown}
 o - a potion of magic {unknown}
 s - a potion of cure mutation {unknown}
 t - a potion of mutation {unknown}
 v - a potion of agility {unknown}
 x - a potion of cancellation {unknown}
 C - 2 potions of degeneration {unknown}
 D - 3 potions of curing {unknown}
 E - a potion of lignification {unknown}
 F - a potion of haste {unknown}
 O - a potion of invisibility {unknown}
 P - 3 potions of poison {unknown}
Books
 b - a book of Frost

   Spells                             Type                      Level
   a - Freeze                         Ice                          1
   b - Throw Frost                    Conjuration/Ice              2
   c - Ozocubu's Armour               Charms/Ice                   3
   d - Throw Icicle                   Conjuration/Ice              4
   e - Summon Ice Beast               Ice/Summoning                4
   f - Condensation Shield            Ice                          4
 K - a book of Enchantments

   Spells                             Type                      Level
   a - Tukima's Dance                 Hexes                        3
   b - Cause Fear                     Hexes                        4
   c - Silence                        Hexes/Air                    5
   d - Deflect Missiles               Charms/Air                   6
   e - Haste                          Charms                       6
   f - Discord                        Hexes                        8
 S - a Fen Folio

   Spells                             Type                      Level
   a - Corpse Rot                     Necromancy                   2
   b - Stone Arrow                    Conjuration/Earth            3
   c - Leda's Liquefaction            Hexes/Earth                  4
   d - Summon Forest                  Summoning/Translocation      5
   e - Hydra Form                     Transmutation                6
   f - Summon Hydra                   Summoning                    7
Comestibles
 c - 4 bread rations
 l - 17 fruits
 J - 2 meat rations
 T - 8 chunks of flesh
 U - 6 slices of pizza


   Skills:
 + Level 6.6 Dodging
 - Level 2.4 Stealth
 + Level 9.0 Spellcasting
 * Level 8.4 Conjurations
 - Level 5.0 Charms
 * Level 9.2 Ice Magic


You had 16 spell levels left.
You knew the following spells:

 Your Spells              Type           Power        Failure   Level  Hunger
a - Freeze                Ice            ####         1%          1    None
b - Ozocubu's Armour      Chrm/Ice       #####...     1%          3    None
c - Throw Frost           Conj/Ice       ######       1%          2    None
f - Throw Icicle          Conj/Ice       ######..     1%          4    #......


Dungeon Overview and Level Annotations

Branches:
Dungeon (8/15)             Temple (1/1) D:7            Lair (0/8) D:8

Altars:
Ashenzari
Cheibriados
Dithmenos
Elyvilon
Fedhas
Gozag
Kikubaaqudgha
Makhleb
Nemelex Xobeh
Okawaru
Qazlal
Ru
Sif Muna
Trog
Vehumet
Xom
Yredelemnul
Zin
The Shining One

Annotations:
D:3 Grinder


Innate Abilities, Weirdness & Mutations

You are partially covered in yellow scales (AC +2).
Your mind is acute. (Int +2)


Message History

Vehumet accepts your kill.
Unknown command.
Casting: Throw Icicle
Confirm with . or Enter, or press ? or * to list all spells.
Aiming: Throw Icicle
Press: ? - help, Shift-Dir - straight line, f - three-headed hydra
Aim: a three-headed hydra (moderately wounded)
The shard of ice misses the three-headed hydra.
The three-headed hydra bites you.
* * * LOW HITPOINT WARNING * * *
The three-headed hydra misses you. x2
Casting: Throw Icicle
Confirm with . or Enter, or press ? or * to list all spells.
Aiming: Throw Icicle
Press: ? - help, Shift-Dir - straight line, f/p - three-headed hydra
Aim: a three-headed hydra (moderately wounded)
The shard of ice hits the three-headed hydra.
The three-headed hydra is heavily wounded.
The three-headed hydra bites you!
You die...

########
#..@D..#
#.####†#####
#.#.≈.≈.≈PP#
#.#......≈P#
#.#..P..P)≈#
#.#.....≈≈P#
####
####.#.....P≈.#
##..##
##....##'''###+#
#....##
#.....#.....#.)#


You could see a three-headed hydra.

Vanquished Creatures
  Pikel (D:7)
  Maurice (D:8)
  2 yaks (D:8)
  A steam dragon (D:7)
  Edmund (D:8)
  2 orc warriors
  4 ogres
  A slave (D:7)
  An ice beast (D:5)
  A sky beast (D:8)
  4 big kobolds
  Blork the orc (D:8)
  A giant frog (D:7)
  A goliath beetle (D:6)
  A crimson imp (D:8)
  2 hounds
  A giant frog zombie (D:8)
  4 wights (D:6)
  4 jellies
  4 orc wizards
  2 giant frog skeletons
  An iguana (D:4)
  5 worker ants
  A killer bee zombie (D:7)
  2 sheep (D:8)
  Ijyb (D:3)
  A hound zombie (D:8)
  8 gnolls
  8 adders
  3 shadow imps
  3 giant mites
  3 worms
  An adder zombie (D:8)
  6 giant geckos
  An ooze (D:4)
  12 orcs
  4 ball pythons
  10 bats
  A bat skeleton (D:6)
  10 giant cockroaches
  8 hobgoblins
  10 jackals
  4 quokkas
  5 giant newts
  12 goblins
  A jackal zombie (D:6)
  21 kobolds
  A quokka zombie (D:5)
  14 rats
197 creatures vanquished.

Vanquished Creatures (others)
  A slave (D:7)
1 creature vanquished.

Grand Total: 198 creatures vanquished

Notes
Turn   | Place    | Note
--------------------------------------------------------------
     0 | D:1      | MDvedh, the Deep Elf Ice Elementalist, began the quest for the Orb.
     0 | D:1      | Reached XP level 1. HP: 10/10 MP: 5/5
   187 | D:1      | Reached XP level 2. HP: 15/15 MP: 6/8
   330 | D:1      | Learned a level 2 spell: Throw Frost
   644 | D:1      | Reached skill level 4 in Spellcasting
   801 | D:1      | Reached XP level 3. HP: 19/19 MP: 9/12
   860 | D:1      | Learned a level 3 spell: Ozocubu's Armour
   881 | D:1      | Found a shimmering altar of Xom.
  1673 | D:2      | Reached XP level 4. HP: 24/24 MP: 7/15
  1679 | D:2      | Learned a level 4 spell: Throw Icicle
  2711 | D:3      | Noticed Ijyb
  2724 | D:3      | Killed Ijyb
  2724 | D:3      | Reached XP level 5. HP: 28/28 MP: 11/18
  3014 | D:3      | Reached skill level 5 in Ice Magic
  3365 | D:3      | Reached skill level 5 in Spellcasting
  3508 | D:3      | Noticed Grinder
  3739 | D:4      | Noticed an ogre
  3755 | D:4      | Killed an ogre
  3755 | D:4      | Reached XP level 6. HP: 17/32 MP: 6/21
  4117 | D:4      | Got a brightly glowing long sword
  4118 | D:4      | Identified the +7 long sword of Mnavvalaur {pain, +Inv MR+ MP+9} (You found it on level 4 of the Dungeon)
  4159 | D:4      | Reached skill level 6 in Spellcasting
  4360 | D:4      | Found a blossoming altar of Fedhas.
  4942 | D:5      | Entered Level 5 of the Dungeon
  5205 | D:5      | Reached XP level 7. HP: 33/36 MP: 24/24
  5446 | D:5      | Reached skill level 1 in Charms
  6319 | D:6      | Reached skill level 5 in Conjurations
  6353 | D:6      | Found a shadowy altar of Dithmenos.
  6907 | D:6      | Reached XP level 8. HP: 41/41 MP: 25/25
  7721 | D:7      | Found a staircase to the Ecumenical Temple.
  7729 | D:7      | Reached skill level 7 in Spellcasting
  7745 | Temple   | Entered the Ecumenical Temple
  7820 | Temple   | Became a worshipper of Vehumet
  7840 | D:7      | Reached skill level 5 in Dodging
  7840 | D:7      | Reached skill level 5 in Charms
  7986 | D:7      | Noticed Pikel
  8022 | D:7      | Killed Pikel
  8022 | D:7      | Reached XP level 9. HP: 18/45 MP: 12/28
  8566 | D:7      | Reached skill level 8 in Spellcasting
  8917 | D:8      | Noticed Blork the orc
  8967 | D:8      | Killed Blork the orc
  9046 | D:8      | Noticed Maurice
  9060 | D:8      | Killed Maurice
  9060 | D:8      | Acquired Vehumet's first power
  9060 | D:8      | Offered knowledge of Flame Tongue by Vehumet.
  9128 | D:8      | Found a staircase to the Lair.
  9133 | D:8      | Noticed Edmund
  9158 | D:8      | Killed Edmund
  9162 | D:8      | Gained mutation: Your mind is acute. (Int +2) [mutagenic meat]
  9163 | D:8      | Gained mutation: You are partially covered in yellow scales (AC +2). [mutagenic meat]
  9260 | D:8      | Found a shadowy altar of Dithmenos.
  9418 | D:8      | Reached skill level 9 in Ice Magic
  9507 | D:8      | Noticed a three-headed hydra
  9525 | D:8      | Mangled by a three-headed hydra

Action                   |  1- 3 |  4- 6 |  7- 9 || total
-------------------------+-------+-------+-------++-------
Melee: Unarmed           |     3 |     1 |       ||     4
       Hand axe          |       |    25 |       ||    25
       Long sword        |       |    39 |   198 ||   237
 Cast: Freeze            |    47 |   116 |    96 ||   259
       Throw Frost       |     5 |     3 |       ||     8
       Ozocubu's Armour  |       |     7 |    15 ||    22
       Throw Icicle      |       |     5 |    40 ||    45
  Use: Scroll            |       |    12 |     2 ||    14
 Stab: Sleeping          |       |     3 |     2 ||     5
       Distracted        |       |     1 |       ||     1
  Eat: Chunk             |     2 |     8 |     7 ||    17
       Fruit             |       |     2 |       ||     2
       Beef jerky        |       |     1 |     2 ||     3
       Meat ration       |       |       |     1 ||     1
       Bread ration      |       |       |     1 ||     1
